 Dungeon Crawl Stone Soup version 0.23.2-1-ga50397a (webtiles) character file.

Game seed: 3741334353462866530

187 night the Slasher (level 5, 0/36 HPs)
             Began as an Octopode Fighter on Apr 23, 2019.
             Slain by a hound (1 damage)
             ... on level 5 of the Dungeon.
             The game lasted 00:06:40 (2607 turns).

night the Slasher (Octopode Fighter)                Turns: 2607, Time: 00:06:41

Health: 0/36       AC:  1    Str: 16    XL:     5   Next: 66%
Magic:  5/5        EV: 11    Int: 10    God:
Gold:   170        SH:  8    Dex: 12    Spells: 4/4 levels left

rFire    . . .     SeeInvis .   a - +0 long sword
rCold    + . .     Gourm    .   l - +0 shield
rNeg     . . .     Faith    .   (helmet restricted)
rPois    .         Spirit   .   (no amulet)
rElec    .         Reflect  .   g - ring of flight
rCorr    .         Harm     .   i - ring of protection from cold
MR       .....                  (no ring)
Stlth    +++.......             (no ring)
HPRegen  0.12/turn              (no ring)
MPRegen  0.09/turn              (no ring)
                                (no ring)
                                (no ring)

@: lightly drained
A: almost no armour, stealthy swim, amphibious, 8 rings, constrict 8, camouflage
1, gelatinous body 1
a: Evoke Flight


You were on level 5 of the Dungeon.
You were not hungry.

You visited 1 branch of the dungeon, and saw 5 of its levels.

You collected 170 gold pieces.

Inventory:

Hand Weapons
 a - a +0 long sword (weapon)
 b - a +0 dagger
Armour
 l - a +0 shield (worn)
Jewellery
 g - a ring of flight (left tentacle)
 i - a ring of protection from cold (right tentacle)
Scrolls
 e - 3 scrolls of remove curse
 h - 3 scrolls of identify
 j - a scroll of amnesia
 n - a scroll of enchant armour {unknown}
 o - a scroll of enchant weapon {unknown}
Potions
 c - a potion of might
 k - a potion of flight
Comestibles
 d - 11 rations
 f - a chunk of flesh


   Skills:
 - Level 3.0(2.7) Fighting
 * Level 4.8(4.5) Long Blades
 - Level 3.0(2.7) Dodging
 + Level 4.1(3.8) Stealth
 - Level 3.0(2.7) Shields


You had 4 spell levels left.
You didn't know any spells.
Your spell library was empty.

Dungeon Overview and Level Annotations

Branches:
Dungeon (5/15)
 Temple: D:4-7

Altars:
The Shining One

Annotations:
D:2 Sigmund


Innate Abilities, Weirdness & Mutations

You cannot wear most types of armour.
You are very stealthy in the water. (Stealth+)
You are amphibious.
You can wear up to eight rings at the same time.
You can use your tentacles to constrict eight enemies at once.
Your skin changes colour to match your surroundings (Stealth+).
Your rubbery body absorbs attacks. (AC +1, EV +1)


Message History

a +0 dagger; an orc skeleton You now have 170 gold pieces (gained 11).
You start resting.
A hound comes into view.
You are too injured to fight recklessly!
You are too injured to fight recklessly!
You hit the hound but do no damage. You grab the hound.
You constrict the hound. The hound barely misses you.
You hit the hound but do no damage. Your squeeze misses the hound.
The hound is lightly wounded.
You constrict the hound. The hound bites you.
* * * LOW HITPOINT WARNING * * *
The hound bites you.
* * * LOW HITPOINT WARNING * * *
You hit the hound. You squeeze the hound!
The hound is almost dead.
You constrict the hound. The hound bites you.
* * * LOW HITPOINT WARNING * * *
The hound bites you.
You die...

...# ##...
######...
##..##...
##...##..# #
#@....##.#### .#..
##h...#.....#.....
#.)....?..<).....
#......##...###o.
##.....##....#
##.....#....#
............#
.......##......
##............##.


You could see a hound.

Vanquished Creatures
  A gnoll shaman (D:4)
  Robin (D:3)
  3 gnolls
  4 adders (D:2)
  7 worms
  A dart slug (D:1)
  A leopard gecko (D:2)
  2 orcs
  A ball python (D:3)
  5 bats
  3 giant cockroaches
  10 goblins
  7 hobgoblins
  4 frilled lizards
  7 kobolds
  5 rats
62 creatures vanquished.

Notes
Turn   | Place    | Note
-------+----------+-------------------------------------------
     0 | D:1      | night the Octopode Fighter began the quest for the Orb.
     0 | D:1      | Reached XP level 1. HP: 16/16 MP: 1/1
    41 | D:1      | Reached skill level 1 in Stealth
    76 | D:1      | Reached XP level 2. HP: 21/21 MP: 2/2
   517 | D:2      | Reached XP level 3. HP: 24/26 MP: 3/3
  1108 | D:2      | Reached XP level 4. HP: 31/31 MP: 4/4
  1262 | D:2      | Noticed Sigmund
  1611 | D:3      | Noticed Robin
  1622 | D:3      | Killed Robin
  2102 | D:3      | Reached XP level 5. HP: 36/36 MP: 5/5
  2173 | D:3      | Found a glowing golden altar of the Shining One.
  2548 | D:4      | HP: 1/36 [gnoll/+0 whip (1)]
  2562 | D:5      | Entered Level 5 of the Dungeon
  2607 | D:5      | HP: 1/36 [hound (4)]
  2607 | D:5      | Slain by a hound

Skill      XL: |  1  2  3  4  5 |
---------------+----------------+-----
Stealth        | 1 2 3 4 |  4.1
Long Blades    | 3 4 |  4.8
Fighting       | |  3.0
Dodging        | |  3.0
Shields        | |  3.0

Action                   |  1- 3 |  4- 6 || total
-------------------------+-------+-------++-------
Melee: Long sword        |    53 |    59 ||   112
       Constrict         |    20 |    22 ||    42
       Tentacles         |     7 |    15 ||    22
  Use: Scroll            |       |     4 ||     4
       Potion            |       |     3 ||     3
 Stab: Sleeping          |     7 |     4 ||    11
  Eat: Chunk             |     1 |     4 ||     5
Armor: Skin              |     2 |     3 ||     5
Dodge: Dodged            |    21 |    18 ||    39
Block: Shield            |    20 |    16 ||    36
       Rpst.: Long sword |     7 |     7 ||    14
